 Dungeon Sprint DCSS version 0.30-a0-802-gb92711bcdf (webtiles) character file.

Game seed: 17177914413052436092

47533 NinjaNoafa the Slayer (level 14, -16/145 HPs)
             Began as a Hill Orc Fighter on Feb 24, 2023.
             Was the Champion of Hepliaklqana.
             Killed from afar by a fire giant (46 damage)
             ... with a bolt of fire
             ... in the Dungeon (Sprint IX: "|||||||||||||||||||||||||||||").
             The game lasted 00:17:29 (2984 turns).

NinjaNoafa the Slayer (Hill Orc Fighter)            Turns: 2984, Time: 00:17:30

Health: -16/145    AC: 27    Str: 31    XL:     14   Next: 42%
Magic:  29/29      EV: 12    Int:  8    God:    Hepliaklqana [******]
Gold:   1239       SH:  0    Dex: 10    Spells: 13/13 levels left

rFire   . . .      SeeInvis +    m - +8 halberd (flame)
rCold   . . .      Faith    .    (shield currently unavailable)
rNeg    . . .      Spirit   .    A - +1 scale mail of Gallantry {Drain Regen+ Str+4 SInv}
rPois   +          Reflect  .    a - +2 helmet
rElec   .          Harm     .    D - +2 cloak {rPois}
rCorr   .          Rampage  .    t - +2 pair of gloves
Will    +....      NoTele   +    z - +2 pair of boots Stlth
                                 (no amulet)
HPRegen 1.24/turn                b - +3 ring of strength
MPRegen 0.21/turn                o - +2 ring of evasion

@: mighty
A: reduced essence
a: Renounce Religion, Recall Ancestor, Ancestor Identity, Transference, Idealise


You were in the Dungeon.
You worshipped Hepliaklqana.
Hepliaklqana was exalted by your worship.
You visited 1 branch You collected 1939 gold pieces.
You spent 700 gold pieces at shops.

Inventory:

Hand Weapons
 m - a +8 halberd of flaming (weapon)
Missiles
 q - 7 boomerangs (quivered)
 v - a throwing net
Armour
 a - a +2 helmet (worn)
 t - a +2 pair of gloves (worn)
 z - a +2 pair of boots (worn)
 A - the +1 scale mail of Gallantry (worn) {Drain Regen+ Str+4 SInv}
   (You bought it in a shop in the Dungeon)

   Str:       It affects your strength (+4).
   SInv:      It lets you see invisible.
   Regen:     It increases your rate of health regeneration.
   Drain:     It drains your maximum health when unequipped.
 D - a +2 cloak of poison resistance (worn)
Jewellery
 b - a +3 ring of strength (left hand)
 c - a ring of ice
 n - a ring of willpower
 o - a +2 ring of evasion (right hand)
 B - a ring of protection from cold
 C - a ring of protection from fire
Wands
 l - a wand of acid (1)
 p - a wand of mindburst (5)
 u - a wand of roots (1)
 E - a wand of flame (22)
Scrolls
 j - 3 scrolls of blinking
 k - 2 scrolls of amnesia
 r - 3 scrolls of identify
 w - a scroll of vulnerability
 x - 4 scrolls of fog
 y - a scroll of immolation
Potions
 d - 3 potions of might
 e - 3 potions of curing
 f - 2 potions of heal wounds
 g - 2 potions of haste
 h - 3 potions of magic
 i - a potion of invisibility
 s - a potion of brilliance
 F - a potion of cancellation {unknown}


   Skills:
 - Level 25.1 Fighting
 - Level 16.0 Polearms
 + Level 10.5 Throwing
 + Level 19.5 Armour
 - Level 3.2 Shields
 + Level 23.3 Invocations
 + Level 12.3 Evocations


You had 13 spell levels left.
You didn't know any spells.
Your spell library was empty.

Dungeon Overview and Level Annotations

Branches:
Dungeon (1/1)

Altars:
Cheibriados
Dithmenos
Elyvilon
Fedhas
Gozag
Hepliaklqana
Kikubaaqudgha
Makhleb
Nemelex Xobeh
Okawaru
Qazlal
Ru
Sif Muna
Trog
Uskayaw
Vehumet
Wu Jian
Xom
Yredelemnul
Zin
The Shining One
Beogh
Jiyva
Lugonu

Shops:
D [*((


Message History

The fire giant is moderately wounded.
You are too injured to fight recklessly!
Throw: 7 boomerangs
Press: ? - help, Q - select action, (/) - cycle Shift-Dir - straight line, f/p - fire giant
Aim: a fire giant, wielding a +2 great sword of flaming (moderately wounded, 87% to hit)
You throw a boomerang. The boomerang hits the fire giant.
The fire giant is moderately wounded.
Throw: 7 boomerangs
Press: ? - help, Q - select action, (/) - cycle Shift-Dir - straight line, f/p - fire giant
Aim: a fire giant, wielding a +2 great sword of flaming (moderately wounded, 87% to hit)
You throw a boomerang. The boomerang hits the fire giant!
The fire giant is moderately wounded.
The fire giant points at you and mumbles some strange words.
The bolt of fire hits you!
* * * LOW HITPOINT WARNING * * *
Throw: 7 boomerangs
Press: ? - help, Q - select action, (/) - cycle Shift-Dir - straight line, f/p - fire giant
Aim: a fire giant, wielding a +2 great sword of flaming (moderately wounded, 87% to hit)
You throw a boomerang. The boomerang hits the fire giant!!
The fire giant is heavily wounded.
Okay, then.
Unknown command.
The fire giant casts a spell at you. The bolt of fire hits you!!
* * * LOW HITPOINT WARNING * * *
Okay, then.
Okay, then.
The fire giant points at you and mumbles some strange words.
The bolt of fire hits you but does no damage.
Aiming: Mindburst
Press: ? - help, Shift-Dir - straight line, f/p - fire giant
Aim: a fire giant, wielding a +2 great sword of flaming (moderately wounded, chance to affect: 52%)
The fire giant's mind is blasted!!!
Aiming: Mindburst
Press: ? - help, Shift-Dir - straight line, f/p - fire giant
Aim: a fire giant, wielding a +2 great sword of flaming (severely wounded, chance to affect: 52%)
The fire giant resists with significant effort.
The fire giant casts a spell at you. The bolt of fire hits you!!!
You die...

▓▓▓▓▓▓▓▓▓▓▓▓▓▓▓▓▓▓▓▓▓▓▓▓▓
.iVD..G..........)C..[..▓
▓▓▓▓▓▓▓▓▓▓▓▓▓▓▓▓▓▓▓▓▓▓▓.▓
................@...C...▓
▓▓▓▓▓▓▓▓▓▓▓▓▓▓▓▓▓▓▓▓▓▓▓▓▓
.....†††††..............▓
▓▓▓▓▓▓▓▓▓▓▓▓▓▓▓▓▓▓▓▓▓▓▓.▓
........................▓
▓▓▓▓▓▓▓▓▓▓▓▓▓▓▓▓▓▓▓▓▓▓▓▓▓
.)))))))).....'.........▓
▓▓▓▓▓▓▓▓▓▓▓▓▓▓▓▓▓▓▓▓▓▓▓.▓
........................▓


You could see a fire giant.

Vanquished Creatures
  Saint Roka (D)
  Gastronok (D)
  Donald (D)
  A fire giant (D)
  Aizul (D)
  An iron dragon (D)
  A ghost moth (D)
  A very ugly thing (D)
  2 eleionomae (D)
  A bunyip (D)
  A fire dragon (D)
  2 hydras (D)
  An entropy weaver (D)
  A rakshasa (D)
  2 ice dragons (D)
  A spriggan air mage (D)
  A centaur warrior (D)
  A catoblepas (D)
  2 merfolk aquamancers (D)
  A two-headed ogre (D)
  2 alligators (D)
  A vampire mage (D)
  A deep troll earth mage (D)
  A tengu warrior (D)
  2 naga sharpshooters (D)
  A spriggan berserker (D)
  A shock serpent (D)
  A salamander mystic (D)
  A goliath frog (D)
  2 sea snakes (D)
  2 glowing orange brains (D)
  7 orc knights (D)
  A deep elf pyromancer (D)
  2 wolf spiders (D)
  A manticore (D)
  A shining eye (shapeshifter) (D)
  2 cyclopes (D)
  A guardian serpent (D)
  Joseph (D)
  An elephant (D)
  3 black mambas (D)
  A gargoyle (D)
  A torpor snail (D)
  5 cane toads (D)
  5 komodo dragons (D)
  An efreet (D)
  A tengu conjurer (D)
  A merfolk (D)
  4 polar bears (D)
  2 trolls (D)
  A tyrant leech (D)
  2 snapping turtles (D)
  A blink frog (D)
  A dream sheep (D)
  2 culicivoras (D)
  A wraith (D)
  A wyvern (D)
  Grum (D)
  A human (shapeshifter) (D)
  2 redbacks (D)
  A vampire mosquito (D)
  A naga (D)
  A water moccasin (D)
  18 orc warriors (D)
  2 black bears (D)
  An ogre (D)
  2 wolves (D)
  A phantom (D)
  A killer bee (D)
  3 orc priests (D)
  2 hounds (D)
  5 orc wizards (D)
  8 orcs (D)
  An endoplasm (D)
  A ball python (D)
  A ball python simulacrum (D)
  A bat (D)
  2 kobolds (D)
145 creatures vanquished.

Vanquished Creatures (collateral kills)
  An eleionoma (D)
  Harold (D)
  A catoblepas (D)
  A wolf spider (D)
  A polar bear (D)
  2 merfolk (D)
  A water moccasin (D)
  A black bear (D)
  An orc warrior (D)
  4 orcs (D)
14 creatures vanquished.

Vanquished Creatures (others)
  9 knights (D)
9 creatures vanquished.

Grand Total: 168 creatures vanquished

Notes
Turn   | Place    | Note
-------+----------+-------------------------------------------
     0 | D        | NinjaNoafa the Hill Orc Fighter began the quest for the
                  | Orb.
     0 | D        | Reached XP level 1. HP: 19/19 MP: 1/1
    25 | D        | Noticed a hound
    25 | D        | Noticed a phantom
    25 | D        | Noticed an orc wizard
    25 | D        | Noticed a hound
    28 | D        | Killed a hound
    29 | D        | Reached XP level 2. HP: 26/26 MP: 2/2
    29 | D        | Reached XP level 3. HP: 31/31 MP: 3/3
    36 | D        | Reached XP level 4. HP: 39/39 MP: 4/4
    43 | D        | Killed a phantom
    44 | D        | Reached XP level 5. HP: 45/45 MP: 5/5
    54 | D        | Found a roughly hewn altar of Beogh.
    54 | D        | Found a snail-covered altar of Cheibriados.
    54 | D        | Found a shadowy altar of Dithmenos.
    54 | D        | Found a white marble altar of Elyvilon.
    54 | D        | Found a blossoming altar of Fedhas.
    54 | D        | Found an opulent altar of Gozag.
    55 | D        | Found a hazy altar of Hepliaklqana.
    56 | D        | Found a viscous altar of Jiyva.
    57 | D        | Found an ancient bone altar of Kikubaaqudgha.
    58 | D        | Found a corrupted altar of Lugonu.
    59 | D        | Found a burning altar of Makhleb.
    60 | D        | Found a sparkling altar of Nemelex Xobeh.
    61 | D        | Found an iron altar of Okawaru.
    62 | D        | Found a stormy altar of Qazlal.
    63 | D        | Became a worshipper of Hepliaklqana the Forgotten
    64 | D        | Found a sacrificial altar of Ru.
    65 | D        | Found a shimmering blue altar of Sif Muna.
    66 | D        | Found a bloodstained altar of Trog.
    67 | D        | Found a hide-covered altar of Uskayaw.
    68 | D        | Found a radiant altar of Vehumet.
    69 | D        | Found an ornate altar of the Wu Jian Council.
    70 | D        | Found a shimmering altar of Xom.
    71 | D        | Found a basalt altar of Yredelemnul.
    72 | D        | Found a glowing silver altar of Zin.
    73 | D        | Found a glowing golden altar of the Shining One.
   146 | D        | Noticed a troll
   146 | D        | Noticed a troll
   146 | D        | Noticed a two-headed ogre
   146 | D        | Noticed a wyvern
   150 | D        | Reached skill level 4 in Fighting
   150 | D        | Reached skill level 1 in Invocations
   150 | D        | Reached skill level 1 in Evocations
   153 | D        | Reached XP level 6. HP: 50/53 MP: 5/8
   154 | D        | Killed a wyvern
   155 | D        | Reached skill level 6 in Fighting
   155 | D        | Reached skill level 5 in Armour
   155 | D        | Reached skill level 5 in Invocations
   159 | D        | Killed a two-headed ogre
   160 | D        | Reached skill level 8 in Fighting
   160 | D        | Reached XP level 7. HP: 34/68 MP: 6/13
   160 | D        | Reached XP level 8. HP: 37/74 MP: 6/14
   161 | D        | Killed a troll
   175 | D        | Killed a troll
   176 | D        | Reached skill level 10 in Invocations
   389 | D        | Noticed a wraith
   389 | D        | Noticed a centaur warrior
   389 | D        | Noticed a gargoyle
   389 | D        | Noticed an efreet
   389 | D        | Noticed a cyclops
   393 | D        | Killed an efreet
   394 | D        | Reached skill level 15 in Polearms
   396 | D        | Killed a cyclops
   397 | D        | Reached skill level 9 in Fighting
   397 | D        | Reached XP level 9. HP: 28/85 MP: 16/16
   397 | D        | Killed a gargoyle
   398 | D        | Reached skill level 11 in Fighting
   406 | D        | Killed a centaur warrior
   407 | D        | Reached skill level 12 in Fighting
   407 | D        | Reached skill level 10 in Armour
   628 | D        | Reached * piety under Hepliaklqana
   691 | D        | Reached ** piety under Hepliaklqana
   696 | D        | Remembered your ancestor It won't crash as a knight
   739 | D        | Noticed a cane toad
   739 | D        | Noticed an elephant
   739 | D        | Noticed a cane toad
   739 | D        | Noticed a komodo dragon
   747 | D        | Noticed a torpor snail
   755 | D        | Killed a komodo dragon
   756 | D        | Reached XP level 10. HP: 67/87 MP: 19/19
   759 | D        | Killed a cane toad
   760 | D        | Reached skill level 1 in Throwing
   765 | D        | Killed an elephant
   772 | D        | Killed a cane toad
   777 | D        | Killed a torpor snail
   778 | D        | Reached skill level 5 in Throwing
   783 | D        | Reached skill level 10 in Evocations
   808 | D        | Noticed a catoblepas
   861 | D        | Killed a catoblepas
   953 | D        | Noticed a cane toad
   953 | D        | Noticed a catoblepas
   958 | D        | Noticed a cane toad
   965 | D        | Killed a catoblepas
   969 | D        | Reached XP level 11. HP: 88/95 MP: 19/21
   974 | D        | Reached skill level 13 in Fighting
   985 | D        | Reached skill level 14 in Fighting
  1147 | D        | Reached skill level 15 in Fighting
  1171 | D        | Reached skill level 15 in Invocations
  1209 | D        | Noticed Joseph
  1219 | D        | Killed Joseph
  1224 | D        | Noticed Grum
  1230 | D        | Killed Grum
  1236 | D        | Reached skill level 16 in Fighting
  1248 | D        | Reached *** piety under Hepliaklqana
  1248 | D        | Noticed Harold
  1262 | D        | Killed Harold
  1375 | D        | Noticed Gastronok
  1392 | D        | Killed Gastronok
  1393 | D        | Reached skill level 17 in Fighting
  1410 | D        | Reached **** piety under Hepliaklqana
  1485 | D        | Noticed an orc knight
  1494 | D        | Killed an orc knight
  1517 | D        | Reached XP level 12. HP: 114/114 MP: 24/24
  1562 | D        | Found Vaeloar's Weapon Boutique.
  1575 | D        | Reached skill level 18 in Fighting
  1610 | D        | Reached skill level 19 in Fighting
  1610 | D        | Found Riqash's Weapon Shop.
  1653 | D        | Found Askuown's General Store.
  1657 | D        | Found Vayve's Antique Armour Shop.
  1793 | D        | Bought a scroll of brand weapon for 114 gold pieces
  1796 | D        | Bought a scroll of vulnerability for 48 gold pieces
  1796 | D        | Bought 3 scrolls of fog for 144 gold pieces
  1796 | D        | Bought a scroll of immolation for 48 gold pieces
  1798 | D        | Bought a pair of embroidered boots for 157 gold pieces
  1798 | D        | Bought a warped scale mail for 189 gold pieces
  1798 | D        | Identified the +1 scale mail of Gallantry {Drain Regen+
                  | Str+4 SInv} (You bought it in a shop in the Dungeon)
  1920 | D        | Reached ***** piety under Hepliaklqana
  2053 | D        | Noticed an eight-headed hydra
  2061 | D        | Noticed a tengu warrior
  2086 | D        | Reached skill level 20 in Fighting
  2089 | D        | Noticed an ice dragon
  2090 | D        | Killed a four-headed hydra
  2095 | D        | Noticed an ice dragon
  2098 | D        | Killed a tengu warrior
  2099 | D        | Reached skill level 15 in Armour
  2100 | D        | Killed an ice dragon
  2102 | D        | Noticed a fire dragon
  2104 | D        | Noticed a spriggan berserker
  2116 | D        | Killed an ice dragon
  2117 | D        | Reached skill level 21 in Fighting
  2126 | D        | Killed a fire dragon
  2141 | D        | Killed a spriggan berserker
  2143 | D        | a slime creature changed into a shock serpent
  2143 | D        | Noticed a shock serpent (glowing shapeshifter)
  2144 | D        | a shock serpent changed into a shining eye
  2148 | D        | Reached XP level 13. HP: 46/129 MP: 26/26
  2268 | D        | Noticed Donald
  2278 | D        | Killed Donald
  2279 | D        | Reached skill level 22 in Fighting
  2335 | D        | Reached ****** piety under Hepliaklqana
  2335 | D        | Noticed a ghost moth
  2335 | D        | Noticed an entropy weaver
  2343 | D        | Killed an entropy weaver
  2353 | D        | Killed a ghost moth
  2373 | D        | Reached skill level 23 in Fighting
  2381 | D        | Noticed an eleionoma
  2381 | D        | Noticed an eleionoma
  2381 | D        | Noticed a bunyip
  2407 | D        | Killed an eleionoma
  2409 | D        | Killed a bunyip
  2412 | D        | Noticed an eleionoma
  2413 | D        | Killed an eleionoma
  2435 | D        | Killed an eleionoma
  2436 | D        | Reached skill level 24 in Fighting
  2526 | D        | Reached skill level 25 in Fighting
  2591 | D        | Reached XP level 14. HP: 134/145 MP: 25/28
  2688 | D        | Noticed Saint Roka
  2717 | D        | Killed Saint Roka
  2820 | D        | Noticed Aizul
  2835 | D        | Killed Aizul
  2905 | D        | Noticed an iron dragon
  2905 | D        | Noticed a purple very ugly thing
  2905 | D        | Noticed a fire giant
  2933 | D        | Killed a fire giant
  2950 | D        | Killed a purple very ugly thing
  2951 | D        | Reached skill level 10 in Throwing
  2958 | D        | Killed an iron dragon
  2968 | D        | Noticed a fire giant
  2984 | D        | Killed from afar by a fire giant

Illustrated notes

Levels and vault maps discovered:
D:        linesprint [early_d, line_temple, items_1, d_10, items_2, lair_1,
          lair_end, items_3, orc_1, orc_end, items_4, d_15, swamp_1, shoals_1,
          snake_1, spider_1, d_20, vaults_1, items_5, swamp_end, shoals_end,
          snake_end, spider_end, vaults_end, d_27, items_6, zot_1, zot_end,
          crypt_end, forest_end, elf_end, slime_end, tomb_end, abyss_end,
          pan_hell_end]

Skill      XL: |  1  2  3  4  5  6  7  8  9 10 11 12 13 14 |
---------------+-------------------------------------------+-----
Polearms       | 7 8 11 12 13 16 | 16.0
Fighting       | 4 8 9 12 17 21 25 | 25.1
Invocations    | 2 8 10 12 13 16 19 21 23 | 23.3
Evocations     | 2 6 8 10 12 | 12.3
Armour         | 4 7 8 10 13 15 18 19 | 19.5
Throwing       | 8 10 | 10.5
Shields        | |  3.2

Action                     |  1- 3 |  4- 6 |  7- 9 | 10-12 | 13-15 || total
---------------------------+-------+-------+-------+-------+-------++-------
  Melee: Trident           |    24 |    10 |       |       |       ||    34
         Halberd           |       |    10 |    50 |   289 |   202 ||   551
  Throw: Boomerang         |       |       |       |     1 |    12 ||    13
 Invoke: Ancestor Life: Kn |       |       |     1 |       |       ||     1
         Ancestor Identity |       |       |     1 |       |       ||     1
         Recall Ancestor   |       |       |       |     1 |       ||     1
         Idealise          |       |       |       |       |     3 ||     3
         Transference      |       |       |       |       |     1 ||     1
  Evoke: Wand              |       |     2 |     3 |     4 |     4 ||    13
    Use: Potion            |     1 |     1 |     3 |     6 |     3 ||    14
         Scroll            |       |       |     6 |     5 |       ||    11
   Stab: Distracted        |       |       |       |     1 |     3 ||     4
 Armour: Scale mail        |    11 |     1 |       |    37 |    61 ||   110
         Plate armour      |       |     5 |    39 |    49 |       ||    93
  Dodge: Dodged            |     2 |     8 |    27 |    60 |    35 ||   132
  Block: Buckler           |     5 |     1 |       |       |       ||     6

Table legend: (Time is in decaauts)
 A = Elapsed time spent in this place.
 B = Non-inter-level travel time spent in this place.
 C = Inter-level travel time spent in this place.
 D = Time resting spent in this place.
 E = Time spent auto-exploring this place.
 F = Levels seen in this place.
 G = Mean time per level.
                   A        B        C        D        E       F      G
               +--------+--------+--------+--------+--------+-----+--------+
         Total |   2834 |   2834 |      0 |    944 |      0 |   1 | 2834.0 |
       Dungeon |   2834 |   2834 |      0 |    944 |      0 |   1 | 2834.0 |
               +--------+--------+--------+--------+--------+-----+--------+

Top non-repeatable levels by time:
       D: 2834 daAuts
